 Dungeon Crawl Stone Soup version 0.30.1-11-g7821555f0a (webtiles) character file.

Game seed: 6232389238178378753

277942 Ijustatesigmund the Earth Mage (level 20, -12/124 HPs)
             Began as a Gargoyle Earth Elementalist on Nov 21, 2023.
             Was the Champion of Cheibriados.
             Killed from afar by a purple draconian shifter (40 damage)
             ... with a bolt of dispelling energy
             ... on level 4 of the Depths on Nov 22, 2023.
             The game lasted 02:40:58 (53926 turns).

Ijustatesigmund the Earth Mage (GrEE)              Turns: 53926, Time: 02:40:59

Health: -12/124    AC: 29    Str: 28    XL:     20   Next: 81%
Magic:  5/57       EV: 20    Int: 46    God:    Cheibriados [******]
Gold:   3207       SH: 15    Dex: 29    Spells: 16/48 levels left

rFire   + + +        e - +6 morningstar (vamp)
rCold   + . .        Q - +1 kite shield {reflect}
rNeg    + . .        a - +5 robe of Night {Dark Will+ SInv}
rPois   ∞            Z - +3 hat of Pondering {ponderous, Will+ MP+10 Int+5}
rElec   +            i - scarf {rC+ rF+}
rCorr   +            (no gloves)
SInv    +            y - +2 pair of boots
Will    +++..        K - amulet of magic regeneration
Stlth   ++++++       G - ring of Cixt {rF++ rCorr EV+5 Stlth+}
HPRegen 0.40/turn    F - ring "Sesuod" {rPois MP+9 Int+2 Dex+4}
MPRegen 0.75/turn

%: reflection
@: flying, very slightly contaminated, very slow
A: sickness immunity, AC +15, big wings, negative energy resistance 1,
electricity resistance, torment resistance 1, petrification resistance
}: 1/15 runes: decaying
a: Renounce Religion, Bend Time, Temporal Distortion, Slouch, Step From Time


You were on level 4 of the Depths.
You worshipped Cheibriados.
Cheibriados was exalted by your worship.
You visited 7 branches of the dungeon, and saw 32 of its levels.
You visited 1 bazaar.
You also visited: Ice Cave.

You collected 5943 gold pieces.
You spent 2736 gold pieces at shops.

Inventory:

Hand Weapons
 e - a +6 vampiric morningstar (weapon)
Armour
 a - the +5 robe of Night (worn) {Dark Will+ SInv}
   (You found it on level 3 of the Depths)

   Dark:      It shrouds the wearer in darkness, reducing the range at which
   they can see and be seen by others.
   SInv:      It lets you see invisible.
   Will:      It increases your willpower.
 i - a scarf of resistance (worn)
 y - a +2 pair of boots (worn)
 N - a +0 robe of resistance
 Q - a +1 kite shield of reflection (worn)
 Z - the +3 hat of Pondering (worn) {ponderous, Will+ MP+10 Int+5}
   (You took it off Gastronok on level 1 of the Orcish Mines)

   Int:       It affects your intelligence (+5).
   MP:        It affects your magic capacity (+10).
   Will:      It increases your willpower.
Magical Staves
 l - a staff of earth
Jewellery
 p - an amulet of regeneration
 z - a ring of wizardry
 F - the ring "Sesuod" (right hand) {rPois MP+9 Int+2 Dex+4}
   (You found it in an ice cave)

   [ring of magical power]

   Int:       It affects your intelligence (+2).
   Dex:       It affects your dexterity (+4).
   rPois:     It protects you from poison.
   MP:        It affects your magic capacity (+9).
 G - the ring of Cixt (left hand) {rF++ rCorr EV+5 Stlth+}
   (You found it on level 5 of the Dungeon)

   [ring of evasion]

   EV:        It affects your evasion (+5).
   rF:        It greatly protects you from fire.
   rCorr:     It protects you from acid and corrosion.
   Stlth:     It makes you more stealthy.
 K - an amulet of magic regeneration (around neck)
 T - the ring of Honesty {Will+ Str+6 Slay+2}
   (You found it on level 2 of the Swamp)

   [ring of willpower]

   Str:       It affects your strength (+6).
   Slay:      It affects your accuracy & damage with ranged weapons and melee
   (+2).
   Will:      It increases your willpower.
 W - a ring of protection from cold
Wands
 f - a wand of polymorph (2)
 q - a wand of acid (12)
 r - a wand of flame (43)
 t - a wand of mindburst (14)
 J - a wand of paralysis (16)
 R - a wand of digging (12)
 S - a wand of roots (20)
Scrolls
 g - 8 scrolls of fear
 h - 2 scrolls of poison
 j - a scroll of summoning
 k - 3 scrolls of teleportation
 v - 3 scrolls of amnesia
 w - 4 scrolls of brand weapon
 A - 4 scrolls of magic mapping
 H - 17 scrolls of identify
 I - 5 scrolls of immolation
 L - 2 scrolls of silence
 O - a scroll of fog
 U - a scroll of enchant armour
 V - 2 scrolls of torment
Potions
 b - 3 potions of magic
 c - a potion of heal wounds
 m - 10 potions of lignification
 n - 5 potions of mutation
 o - 15 potions of curing
 s - 2 potions of cancellation
 u - 7 potions of brilliance
 B - a potion of berserk rage
 C - 7 potions of flight
 D - a potion of ambrosia
 E - a potion of invisibility
 M - 2 potions of might
 P - 2 potions of resistance
 X - 4 potions of attraction
Miscellaneous
 x - a phantom mirror


   Skills:
 + Level 12.9 Fighting
 - Level 9.0 Maces & Flails
 - Level 8.3 Armour
 - Level 4.0 Dodging
 + Level 7.7 Stealth
 - Level 8.4 Shields
 - Level 14.5 Spellcasting
 - Level 16.3 Conjurations
 - Level 3.0 Translocations
 + Level 5.1 Transmutations
 - Level 4.8 Fire Magic
 - Level 17.8 Earth Magic
 + Level 17.1 Invocations
 - Level 6.5 Evocations


You had 16 spell levels left.
You knew the following spells:

 Your Spells              Type           Power      Damage    Failure   Level
a - Magic Dart            Conj           100%       1d8       0%          1
b - Stone Arrow           Conj/Erth      100%       3d13      0%          3
c - Passwall              Tmut/Erth      79%        N/A       0%          2
d - Iron Shot             Conj/Erth      56%        9d11      1%          6
e - Fireball              Conj/Fire      46%        3d18      1%          5
f - Blink                 Tloc           100%       N/A       1%          2
g - Irradiate             Conj/Tmut      46%        3d27      1%          5
h - Lehudib's Crystal Sp  Conj/Erth      56%        10d13     7%          8

Your spell library contained the following spells:

 Spells                   Type           Power      Damage    Failure   Level
 Sandblast                Erth           100%       2d20      0%          1
 Searing Ray              Conj           100%       2d8       0%          2
 Sting                    Tmut/Pois      100%       1d8       1%          1
 Lesser Beckoning         Tloc           100%       N/A       1%          2
 Momentum Strike          Conj/Tloc      100%       3d10      1%          2
 Poisonous Vapours        Pois/Air       66%        N/A       1%          2
 Static Discharge         Conj/Air       100%       2-7/arc   1%          2
 Wereblood                Tmut           69%        N/A       1%          2
 Portal Projectile        Hex/Tloc       94%        N/A       1%          3
 Vhi's Electric Charge    Tloc/Air       94%        N/A       1%          3
 Animate Armour           Summ/Erth      100%       N/A       1%          4
 Fulminant Prism          Conj/Hex       41%        3d19      1%          4
 Leda's Liquefaction      Hex/Erth       43%        N/A       1%          4
 Petrify                  Tmut/Erth      95%        N/A       1%          4
 Arcjolt                  Conj/Air       41%        1d51      1%          5
 Iskenderun's Battlesphe  Conj           100%       2d15      1%          5
 Orb of Destruction       Conj           55%        9d14      1%          7
 Call Canine Familiar     Summ           33%        N/A       3%          3
 Ozocubu's Armour         Ice            33%        N/A       3%          3
 Summon Guardian Golem    Hex/Summ       33%        N/A       3%          3
 Passage of Golubria      Tloc           57%        N/A       3%          4
 Blade Hands              Tmut           34%        N/A       4%          5
 Conjure Ball Lightning   Conj/Air       41%        3x3d13    7%          6
 Airstrike                Air            16%        2d(3-19)  12%         4
 Animate Dead             Necr           33%        N/A       12%         4
 Olgreb's Toxic Radiance  Pois           33%        N/A       12%         4
 Summon Lightning Spire   Summ/Air       33%        N/A       12%         4
 Metabolic Englaciation   Hex/Ice        16%        N/A       34%         5
 Silence                  Hex/Air        16%        N/A       34%         5
 Spellforged Servitor     Conj/Summ      41%        N/A       36%         7
 Dragon Form              Tmut           34%        N/A       77%         7
 Simulacrum               Ice/Necr       16%        N/A       88%         6
 Haunt                    Necr/Summ      16%        N/A       100%        7
 Ozocubu's Refrigeration  Ice            16%        4d11      100%        7
 Summon Hydra             Summ           16%        N/A       100%        7
 Infestation              Necr           16%        N/A       100%        8
 Maxwell's Capacitive Co  Air            16%        ∞         100%        8
 Polar Vortex             Ice            16%        N/A       100%        9
 Sublimation of Blood     Necr           Unusable   N/A       N/A         2

Dungeon Overview and Level Annotations

Branches:
Dungeon (15/15)            Temple (1/1) D:5            Lair (5/5) D:11
  Swamp (4/4) Lair:2       Spider (1/4) Lair:2        Slime (0/5) Lair:5
    Orc (2/2) D:12            Elf (0/3) Orc:2        Vaults (0/5) D:14
 Depths (4/4) D:15            Zot (0/5) Depths:4      IceCv (visited)

Altars:
Ashenzari
Cheibriados
Dithmenos
Elyvilon
Fedhas
Gozag
Hepliaklqana
Kikubaaqudgha
Makhleb
Nemelex Xobeh
Okawaru
Qazlal
Ru
Sif Muna
Trog
Uskayaw
Vehumet
Wu Jian
Xom
Yredelemnul
Zin
The Shining One
Lugonu

Shops:
D:7 ***   Orc:1 [   Orc:2 *?((   Depths:2 *

Portals:
Hell: Depths:1 Depths:2 Depths:3 Depths:4*
Abyss: Lair:5 Depths:1 Depths:3
Pandemonium: Depths:2
Ziggurat: Depths:4

Annotations:
D:13 exclusion: oklob plant


Innate Abilities, Weirdness & Mutations

You are immune to sickness and miasma.
Your stone body is resilient. (AC +15)
You are immune to poison.
Your large and strong wings let you fly.
You resist negative energy. (rN+)
You are resistant to electric shocks. (rElec)
You are resistant to unholy torment.
You are immune to petrification.


Message History

The bolt of acid misses the shadow dragon.
The bolt of acid hits the black draconian knight!!
The black draconian knight is moderately wounded.
The bolt of acid hits the yaktaur captain!
The acid corrodes the yaktaur captain!
The yaktaur captain is lightly wounded.
The bolt of acid misses the purple draconian shifter.
The shadow dragon barely misses you.
The shadow dragon claws you but does no damage. x2
The black draconian knight casts a spell.
The black draconian knight flickers and vanishes for a moment.
The black draconian knight mumbles some strange words.
The black draconian knight seems to speed up.
Unknown command.
Activating: Slouch (0% risk of failure)
Press: ? - help, Dir - look around, f - activate You can feel time thicken for a moment.
The shadow dragon is no longer covered in acid.
You block the shadow dragon's attack.
The shadow dragon claws you but does no damage.
The shadow dragon completely misses you.
The black draconian knight mumbles some strange words.
The black draconian knight seems to speed up.
The black draconian knight breathes lightning at you.
The bolt of lightning misses you. x2
You puncture the shadow dragon!
The shadow dragon is almost dead.
The black draconian knight completely misses you.
The shadow dragon bites you!
* * * LOW HITPOINT WARNING * * *
The shadow dragon barely misses you.
The shadow dragon claws you but does no damage.
The purple draconian shifter casts a spell at you.
The yaktaur captain blinks!
The storm dragon blinks into view!
Blink to where?
Press: ? - help, Dir - move target
As you read the scroll of blinking, it crumbles to dust.
The purple draconian shifter breathes dispelling energy at you.
The bolt of dispelling energy hits you!!!
You die...

...###.d)## #####
#..[#q..## ##.#d##
#.....# #######..'D§##
#...# .....)...#c..#
##'##
♣♣♣♣♣....##.qD###...##
♣ ♣♣)...##q§.#.....# ♣
♣....###..q..∩..' ♣
♣....# ..#@....#
♣♣♣♣♣♣...## .###...##
...... #'## ######.
§.# # #.. ..# ####...
... ....... #......
...##.. #


You could see a shadow dragon, 2 draconians and a purple draconian shifter
(catching breath).

Vanquished Creatures
  A juggernaut (Depths:4)
  The ghost of Quickbrownfox the Metallomancer, a master DsCj of Gozag (Depths:3)
  Nikola (Swamp:4)
  2 golden dragons (Depths:3)
  2 bone dragons (Depths:4)
  A Tzitzimitl (Depths:3)
  Jorgrun (Orc:1)
  A lich (Depths:1)
  2 tentacled monstrosities
  A sphinx (Depths:2)
  Gastronok (Orc:1)
  2 thorn hunters
  2 shadow dragons (Depths:3)
  Donald (Swamp:3)
  5 fire giants
  2 azure jellies (IceCv)
  A fenstrider witch (Swamp:2)
  The ghost of VerbalBBQ the Fighter, a journeyman FoFi of Okawaru (Orc:2)
  6 frost giants
  An iron dragon (Depths:1)
  4 spectral caustic shrikes (Depths:4)
  14 very ugly things
  A spriggan defender (Depths:3)
  2 ghouls (Swamp:4)
  A quicksilver ooze (IceCv)
  6 vampire knights
  5 stone giants
  8 spark wasps
  3 eleionomae
  Azrael (D:12)
  A yellow draconian (Depths:4)
  4 bunyips
  An ettin (Depths:1)
  The ghost of velnius the Impaler, a journeyman MfBe of Trog (Orc:2)
  A merfolk javelineer (Depths:2)
  The ghost of Ivernyr the Cruncher, a journeyman FoFi of Wu Jian (Lair:1)
  3 fire dragons
  Snorg (Lair:3)
  An entropy weaver (Spider:1)
  A yaktaur captain (Depths:4)
  2 merfolk impalers
  A deep elf high priest (Depths:4)
  Josephine (Orc:1)
  A shambling mangrove (Swamp:4)
  3 ogre magi
  4 centaur warriors
  7 ice dragons
  8 ghost crabs
  A rakshasa (Depths:3)
  4 spriggan air magi
  2 death knights
  27 hydras
  20 two-headed ogres
  4 death yaks (Lair:2)
  2 boulder beetles
  A dancing weapon (Depths:3)
  7 deep troll shamans
  3 tengu warriors
  7 alligators
  10 deep troll earth magi
  A vampire mage (Depths:3)
  2 thrashing horrors (Lair:5)
  4 spriggan berserkers
  11 hell knights
  2 skysharks
  A pharaoh ant (Spider:1)
  2 skeletal warriors (D:15)
  8 shadow wraiths
  12 iron trolls
  7 goliath frogs
  25 deep trolls
  9 spriggan druids
  A death drake (Swamp:2)
  3 shadow demons (Depths:3)
  A flayed ghost (D:15)
  4 spectral hydras (Swamp:2)
  12 bog bodies
  A storm dragon skeleton (D:15)
  2 orb spiders (Spider:1)
  A shadow dragon zombie (D:15)
  A glowing orange brain (Depths:2)
  8 swamp dragons
  2 orc knights
  A wizard (Depths:3)
  Pikel (D:7)
  3 phantasmal warriors
  5 deep elf pyromancers
  12 goliath frog zombies (Swamp:2)
  3 necromancers
  An orc sorcerer (D:15)
  2 oklob plants (Lair:1)
  A wolf spider (Spider:1)
  5 manticores
  A frost giant zombie (D:15)
  7 cyclopes
  4 will-o-the-wisps
  42 ugly things
  A frost giant skeleton (D:15)
  Joseph (D:8)
  8 black mambas
  4 apocalypse crabs (Swamp:3)
  A black mamba (shapeshifter) (Lair:5)
  8 elephants
  Maurice (Orc:1)
  An ice statue (IceCv)
  A demonic crawler (Spider:1)
  A torpor snail (Lair:2)
  A gargoyle (D:10)
  A smoke demon (Lair:5)
  4 rime drakes
  5 cane toads
  9 komodo dragons
  A yaktaur (D:15)
  A kobold demonologist (D:10)
  2 swamp worm zombies (Swamp:2)
  4 tengu conjurers
  2 freezing wraiths
  4 bloated husks
  2 ancient zymes (Lair:5)
  2 large abominations (Lair:5)
  9 tyrant leeches
  A polar bear (Lair:2)
  16 trolls
  14 hornets
  6 tarantellas
  10 dream sheep
  2 spectral swamp dragons (Swamp:2)
  42 blink frogs
  A centaur simulacrum (D:14)
  2 shadows
  7 jumping spiders
  14 spriggans
  21 slime creatures
  5 culicivoras (Spider:1)
  3 wyverns
  3 vampires
  A ynoxinul (Lair:5)
  8 water elementals
  6 wraiths
  10 basilisks
  2 tyrant leech zombies (Swamp:2)
  46 yaks
  A fire elemental (D:12)
  5 redbacks
  3 steam dragons
  3 chaos spawn (Lair:5)
  21 vampire mosquitoes
  Menkaure (D:5)
  An acid dragon (D:12)
  4 hell hounds (D:12)
  7 wargs
  11 swamp worms
  11 water moccasins
  10 swamp drakes
  26 orc warriors
  A black bear (shapeshifter) (D:14)
  4 great orb of eyes simulacra (IceCv)
  Pargi (D:4)
  A spriggan simulacrum (D:15)
  An ice beast (D:7)
  11 small abominations (Lair:5)
  36 wolves
  10 centaurs
  19 ogres
  A lemure (D:7)
  A slime creature simulacrum (IceCv)
  A phantom (D:5)
  5 kobold brigands
  18 bullfrogs
  2 gnoll sergeants
  2 necrophages (Swamp:4)
  3 scorpions
  A scorpion (shapeshifter) (Lair:5)
  7 glowing shapeshifter simulacra (IceCv)
  12 wights
  3 spriggan zombies (Swamp:2)
  An elephant simulacrum (Lair:1)
  12 killer bees
  2 troll zombies (Swamp:2)
  4 electric eels
  3 howler monkeys (D:9)
  2 vampire bats (Lair:2)
  16 orc priests
  9 hounds
  A gnoll bouda (D:7)
  2 jellies
  3 sleepcaps (D:7)
  Natasha (thrice) (D:2)
  12 iguanas
  22 orc wizards
  3 shapeshifter simulacra (IceCv)
  A polar bear simulacrum (Lair:1)
  A mummy (D:5)
  A gnoll (shapeshifter) (Depths:3)
  13 gnolls
  6 adders
  2 shadow imps
  2 white imps
  2 ufetubi
  3 worms
  2 dart slugs (D:1)
  73 orcs
  4 ball pythons
  10 bats
  9 endoplasms
  2 giant cockroaches
  6 goblins
  8 hobgoblins
  2 jackals (D:4)
  26 kobolds
  2 quokkas
  3 frilled lizards
  2 rats (D:1)
1231 creatures vanquished.

Vanquished Creatures (others)
  The ghost of Vochiuc the Eclecticist, an adept DEFE of Vehumet (D:15)
  A spectral sphinx (D:15)
  A deep troll (Orc:2)
  A stone giant zombie (D:15)
  A fire giant simulacrum (D:15)
  3 ogres (Orc:2)
  2 ball lightnings (D:15)
  8 foxfires (Swamp:2)
18 creatures vanquished.

Grand Total: 1249 creatures vanquished

Notes
Turn   | Place    | Note
-------+----------+-------------------------------------------
     0 | D:1      | Ijustatesigmund the Gargoyle Earth Elementalist began the
                  | quest for the Orb.
     0 | D:1      | Reached XP level 1. HP: 10/10 MP: 3/3
   159 | D:1      | Reached XP level 2. HP: 16/16 MP: 1/5
   217 | D:1      | Reached skill level 1 in Fighting
   921 | D:1      | Reached XP level 3. HP: 20/20 MP: 4/6
  1144 | D:2      | Noticed Natasha
  1147 | D:2      | Killed Natasha
  1207 | D:2      | Noticed Natasha
  1209 | D:2      | Killed Natasha
  1210 | D:2      | Reached skill level 1 in Evocations
  1210 | D:2      | Reached XP level 4. HP: 26/26 MP: 4/8
  1412 | D:2      | Noticed Natasha
  1417 | D:2      | Killed Natasha
  1418 | D:2      | Reached XP level 5. HP: 31/31 MP: 4/9
  1493 | D:2      | Identified the +1 dagger of Lom Pun {flame, rN+}
  2239 | D:3      | Found a burning altar of Makhleb.
  2826 | D:3      | Learned a level 3 spell: Stone Arrow
  2912 | D:4      | Reached skill level 5 in Earth Magic
  2922 | D:4      | Noticed Pargi
  2979 | D:4      | Reached skill level 1 in Conjurations
  2979 | D:4      | Reached XP level 6. HP: 36/36 MP: 6/10
  3087 | D:4      | Killed Pargi
  3327 | D:4      | Found a shimmering altar of Xom.
  3560 | D:5      | Entered Level 5 of the Dungeon
  3564 | D:5      | Reached XP level 7. HP: 40/40 MP: 10/12
  3636 | D:5      | Noticed a vampire
  3637 | D:5      | Found an ancient bone altar of Kikubaaqudgha.
  3641 | D:5      | Noticed Menkaure
  3647 | D:5      | Found a transporter.
  3658 | D:5      | Noticed a vampire
  3708 | D:5      | Found a staircase to the Ecumenical Temple.
  3752 | D:5      | Found a transporter.
  3760 | D:5      | Found a basalt altar of Yredelemnul.
  3787 | Temple   | Entered the Ecumenical Temple
  3829 | Temple   | Became a worshipper of Cheibriados the Contemplative
  3856 | D:5      | Found an iron altar of Okawaru.
  3880 | D:5      | Noticed a hornet
  3884 | D:5      | Killed a hornet
  4099 | D:5      | Reached skill level 5 in Conjurations
  4219 | D:5      | Noticed a steam dragon
  4275 | D:5      | Reached XP level 8. HP: 45/45 MP: 12/14
  4579 | D:5      | Found a radiant altar of Vehumet.
  4797 | D:6      | Noticed a yak
  4802 | D:6      | Killed a yak
  4803 | D:6      | Reached skill level 1 in Invocations
  4966 | D:6      | Noticed a yak
  4966 | D:6      | Noticed a yak
  4967 | D:6      | Noticed a yak
  4973 | D:6      | Noticed a yak
  4974 | D:6      | Killed a yak
  4974 | D:6      | Noticed a yak
  4975 | D:6      | Reached skill level 5 in Spellcasting
  4984 | D:5      | Killed a yak
  5210 | D:4      | Killed a yak
  5213 | D:4      | Killed a yak
  5214 | D:4      | Reached XP level 9. HP: 42/49 MP: 1/17
  5753 | D:6      | Reached * piety under Cheibriados
  5760 | D:6      | Noticed a troll
  5872 | D:6      | Killed a troll
  6178 | D:6      | Reached skill level 1 in Armour
  6408 | D:7      | Found a transporter.
  6767 | D:7      | Noticed Pikel
  6781 | D:7      | Killed Pikel
  6782 | D:7      | Reached skill level 5 in Invocations
  6782 | D:7      | Reached XP level 10. HP: 55/55 MP: 11/19
  6943 | D:7      | Found Kysen's General Store.
  6947 | D:7      | Found Xuicsaba's Specific Store.
  6949 | D:7      | Reached ** piety under Cheibriados
  6960 | D:7      | Bought a scroll of identify for 30 gold pieces
  6960 | D:7      | Bought a scroll of identify for 30 gold pieces
  7374 | D:7      | Found Omaditaifi's General Store.
  7428 | D:7      | Found a transporter.
  7650 | D:7      | Identified the +3 ring mail of Inference {rElec rPois Str+3
                  | Int-2}
  8420 | D:8      | Noticed Joseph
  8424 | D:8      | Reached *** piety under Cheibriados
  8571 | D:8      | Killed Joseph
  9355 | D:8      | Identified a scroll of acquirement
  9357 | D:8      | Acquired 788 gold pieces
  9409 | D:9      | Reached skill level 1 in Maces & Flails
  9535 | D:9      | Reached **** piety under Cheibriados
  9659 | D:9      | Reached XP level 11. HP: 61/61 MP: 14/21
  9759 | D:9      | Reached skill level 5 in Maces & Flails
 10504 | D:10     | Entered Level 10 of the Dungeon
 10978 | D:10     | Reached ***** piety under Cheibriados
 11719 | D:11     | Noticed a two-headed ogre
 11726 | D:11     | Killed a two-headed ogre
 12013 | D:11     | Found a staircase to the Lair.
 12241 | D:11     | Noticed a cyclops
 12248 | D:11     | Killed a cyclops
 12249 | D:11     | Reached skill level 10 in Earth Magic
 12274 | D:11     | Noticed a brown ugly thing
 12278 | D:11     | Killed a brown ugly thing
 12901 | D:5      | Killed Menkaure
 12953 | D:5      | Identified the ring of Cixt {rF++ rCorr EV+5 Stlth+}
 12967 | D:5      | Identified the -1 cloak of the Desolation of Salt {rElec}
 13410 | D:12     | Noticed a two-headed ogre
 13414 | D:12     | Killed a two-headed ogre
 13415 | D:12     | Reached skill level 1 in Shields
 13415 | D:12     | Reached XP level 12. HP: 38/66 MP: 17/23
 13545 | D:12     | Noticed a two-headed ogre
 13551 | D:12     | Killed a two-headed ogre
 14576 | D:12     | Found a staircase to the Orcish Mines.
 14773 | D:12     | Noticed a boulder beetle
 14784 | D:12     | Killed a boulder beetle
 14898 | D:12     | Noticed a seven-headed hydra
 14902 | D:12     | Killed a seven-headed hydra
 15071 | D:12     | Noticed Azrael
 15105 | D:12     | Killed Azrael
 15106 | D:12     | Reached skill level 10 in Conjurations
 15775 | D:13     | Noticed a tengu warrior
 15784 | D:13     | Killed a tengu warrior
 15977 | D:13     | Found a blossoming altar of Fedhas.
 16308 | D:13     | Noticed a centaur warrior
 16536 | D:13     | Killed a centaur warrior
 17088 | D:14     | Noticed a centaur warrior
 17092 | D:14     | Killed a centaur warrior
 17093 | D:14     | Reached skill level 5 in Shields
 17093 | D:14     | Reached XP level 13. HP: 23/70 MP: 19/25
 18323 | D:14     | Found a gate to the Vaults.
 18637 | D:14     | Reached ****** piety under Cheibriados
 18914 | D:15     | Entered Level 15 of the Dungeon
 19203 | D:15     | Reached skill level 10 in Invocations
 19231 | D:15     | Gained mutation: Your large and strong wings let you fly.
                  | [Gargoyle growth]
 19231 | D:15     | Reached XP level 14. HP: 57/76 MP: 2/27
 19663 | D:15     | Reached skill level 10 in Spellcasting
 19842 | D:15     | Found a staircase to the Depths.
 20281 | Lair:1   | Entered Level 1 of the Lair of Beasts
 20501 | Lair:1   | Found a frozen archway.
 20525 | IceCv    | Entered an ice cave
 20810 | IceCv    | Learned a level 2 spell: Passwall
 20824 | IceCv    | Noticed a quicksilver ooze
 20830 | IceCv    | Killed a quicksilver ooze
 20961 | IceCv    | Got the ring "Ulij Puo" {Ice Str-3 Int+2 Dex+4}
 23017 | IceCv    | Found a viscous altar of Jiyva.
 23017 | IceCv    | Noticed an azure jelly
 23020 | IceCv    | Noticed an azure jelly
 23025 | IceCv    | Killed an azure jelly
 23030 | IceCv    | Killed an azure jelly
 23261 | IceCv    | Identified the ring "Sesuod" {rPois MP+9 Int+2 Dex+4}
 23695 | Lair:1   | Learned a level 6 spell: Iron Shot
 24091 | Lair:1   | Found a transporter.
 24163 | Lair:1   | Found a transporter.
 24172 | Lair:1   | Noticed Ivernyr's ghost (journeyman FoFi)
 24198 | Lair:1   | Killed Ivernyr's ghost
 24438 | Lair:1   | Identified the +3 war axe of Wounding {flame, Dex+2}
 24641 | Lair:1   | Reached skill level 5 in Fighting
 25442 | Lair:2   | Reached XP level 15. HP: 82/82 MP: 29/29
 25946 | Lair:2   | Found a staircase to the Swamp.
 25983 | Lair:2   | Found a hole to the Spider Nest.
 27019 | Lair:3   | Noticed Snorg
 27039 | Lair:3   | Killed Snorg
 28568 | Lair:5   | Entered Level 5 of the Lair of Beasts
 28980 | Lair:5   | Reached skill level 5 in Armour
 29154 | Lair:5   | Learned a level 5 spell: Fireball
 29314 | Lair:5   | Reached skill level 1 in Fire Magic
 29919 | Lair:5   | Reached XP level 16. HP: 86/93 MP: 31/31
 30065 | Lair:5   | Reached skill level 5 in Evocations
 30127 | Lair:5   | Found a corrupted altar of Lugonu.
 30127 | Lair:5   | Found a one-way gate to the infinite horrors of the Abyss.
 30136 | Lair:5   | Identified the amulet "Yxkuwkik" {Faith Str+3}
 30232 | Lair:5   | Found a staircase to the Slime Pits.
 30670 | Lair:5   | Identified the +4 great sword of the Warrior-Mage
                  | {antimagic, rCorr}
 30978 | Orc:1    | Entered Level 1 of the Orcish Mines
 31094 | Orc:1    | Noticed Maurice
 31099 | Orc:1    | Killed Maurice
 31248 | Orc:1    | Noticed Gastronok
 31422 | Orc:1    | Killed Gastronok
 31426 | Orc:1    | Noticed Josephine
 31655 | Orc:1    | Killed Josephine
 31859 | Orc:1    | Found Ynoe's Antique Armour Shoppe.
 31863 | Orc:1    | Bought a distressingly furry cloak for 332 gold pieces
 31863 | Orc:1    | Identified the +1 cloak "Vyhisso" {rPois} (You bought it in
                  | a shop on level 1 of the Orcish Mines)
 32049 | Orc:2    | Entered Level 2 of the Orcish Mines
 32418 | Orc:2    | Found Dustatugh's Magic Scroll Emporium.
 32463 | Orc:2    | Paralysed by an ogre mage for 3 turns
 32468 | Orc:2    | HP: 4/96 [deep troll (9)]
 32612 | Orc:2    | Found Osoirph's Assorted Antiques.
 32613 | Orc:2    | Found Vagy's Weapon Boutique.
 32615 | Orc:2    | Bought a scroll of teleportation for 51 gold pieces
 32615 | Orc:2    | Bought a scroll of enchant weapon for 127 gold pieces
 32615 | Orc:2    | Bought a scroll of enchant weapon for 127 gold pieces
 32642 | Orc:2    | Bought a pink potion for 28 gold pieces
 32642 | Orc:2    | Bought a pair of glowing boots for 240 gold pieces
 32655 | Orc:2    | Found a staircase to the Elven Halls.
 32657 | Orc:2    | Found Keba Tei's Antique Weapon Shoppe.
 32666 | Orc:2    | Found a flickering gateway to a bazaar.
 32670 | Bazaar   | Entered a bazaar
 32785 | Bazaar   | Found Adwirel's Jewellery Emporium.
 32801 | Bazaar   | Found Dyobol's Armour Emporium.
 32817 | Bazaar   | Found Teneb's Magic Scroll Shoppe.
 32822 | Bazaar   | Bought 2 scrolls of acquirement for 936 gold pieces
 32822 | Bazaar   | Bought a scroll of enchant weapon for 67 gold pieces
 33041 | Orc:2    | Found a runed translucent gate.
 33041 | Orc:2    | Found a runed translucent gate.
 33090 | Orc:2    | Found a runed translucent gate.
 33092 | Orc:2    | Noticed VerbalBBQ's ghost (journeyman FoFi)
 33092 | Orc:2    | Noticed velnius's ghost (journeyman MfBe)
 33196 | Orc:1    | Noticed Jorgrun
 33199 | Orc:1    | Killed Jorgrun
 33801 | Orc:2    | Killed VerbalBBQ's ghost
 33804 | Orc:2    | Killed velnius's ghost
 34253 | D:15     | Found a transporter.
 34255 | D:15     | Noticed Vochiuc's ghost (adept DEFE)
 34261 | D:15     | Found a transporter.
 34278 | D:15     | Reached skill level 10 in Fighting
 34278 | D:15     | Killed Vochiuc's ghost
 34300 | D:15     | Identified the +0 falchion "Pann" {venom, Str+5}
 34321 | D:15     | Acquired 569 gold pieces
 34325 | D:15     | Acquired 955 gold pieces
 34509 | D:15     | Reached skill level 15 in Earth Magic
 35535 | Spider:1 | Entered Level 1 of the Spider Nest
 35810 | Lair:2   | Reached XP level 17. HP: 21/102 MP: 33/33
 36858 | Swamp:1  | Entered Level 1 of the Swamp
 38610 | Swamp:2  | Paralysed by a fenstrider witch for 4 turns
 38826 | Swamp:2  | Learned a level 1 spell: Magic Dart
 39895 | Swamp:2  | Identified the ring of Honesty {Will+ Str+6 Slay+2}
 40310 | Swamp:2  | You are sucked into a shaft and drop 1 floor!
 41088 | Swamp:3  | Reached XP level 18. HP: 108/108 MP: 35/35
 41096 | Swamp:3  | Learned a level 2 spell: Blink
 41329 | Swamp:3  | Found a runed translucent door.
 41557 | Swamp:3  | Reached skill level 1 in Translocations
 41915 | Swamp:3  | Reached skill level 15 in Conjurations
 42181 | Swamp:3  | Identified the staff of fire "Utoir" {Drain rPois rF+
                  | Int+5}
 42182 | Swamp:3  | Identified the +2 hand axe of Afosa {pain, rElec Will+}
 42183 | Swamp:3  | Identified the staff of earth "Detz" {rN+ Dex+5}
 42282 | Swamp:3  | Identified the +9 short sword of Ecarhido {flame, Dex+4}
 42535 | Swamp:4  | Entered Level 4 of the Swamp
 43352 | Swamp:4  | Noticed Donald
 43607 | Swamp:3  | Killed Donald
 44665 | Swamp:4  | Noticed Nikola
 44676 | Swamp:4  | Killed Nikola
 45241 | Swamp:4  | Got a decaying rune of Zot
 45703 | Depths:1 | Entered Level 1 of the Depths
 46600 | D:15     | Reached XP level 19. HP: 110/113 MP: 9/37
 47152 | Depths:2 | Paralysed by a vampire knight for 4 turns
 47539 | Depths:1 | Reached skill level 15 in Invocations
 48589 | Depths:2 | Found a one-way gate leading to the halls of Pandemonium.
 48669 | Depths:1 | Found a shadowy altar of Dithmenos.
 48686 | Depths:1 | Found a gateway to Hell.
 49579 | Depths:2 | Noticed a tentacled monstrosity
 49651 | Depths:2 | Killed a tentacled monstrosity
 49830 | Depths:2 | Found a hide-covered altar of Uskayaw.
 50025 | Depths:2 | Found Utaz's Changing Room.
 50040 | Depths:2 | Bought a potion of mutation for 128 gold pieces
 50040 | Depths:2 | Bought a book of Transfigurations for 640 gold pieces
 50046 | Depths:2 | Learned a level 5 spell: Irradiate
 50509 | Depths:3 | Noticed a golden dragon
 50511 | Depths:3 | Reached skill level 1 in Transmutations
 50515 | Depths:3 | Killed a golden dragon
 50868 | Depths:3 | Reached XP level 20. HP: 115/120 MP: 38/38
 51047 | Depths:3 | Learned a level 8 spell: Lehudib's Crystal Spear
 51181 | Depths:3 | a titan changed into a juggernaut
 51181 | Depths:3 | Noticed a juggernaut (glowing shapeshifter)
 51182 | Depths:3 | a juggernaut changed into a rockslime
 51182 | Depths:3 | a rockslime changed into a caustic shrike
 51182 | Depths:3 | Noticed a caustic shrike (glowing shapeshifter)
 51398 | Depths:3 | Noticed a Tzitzimitl
 51404 | Depths:3 | Killed a Tzitzimitl
 51447 | Depths:3 | Found a shadowy altar of Dithmenos.
 51448 | Depths:3 | Found the +5 robe of Night {Dark Will+ SInv}
 51456 | Depths:3 | Identified the +2 shadow dragon scales "Qenaech" {Drain
                  | Regen+ Str+2 Dex+3 Stlth++++}
 51663 | Depths:3 | Found a runed translucent door.
 51664 | Depths:3 | Found a shimmering altar of Xom.
 51664 | Depths:3 | Noticed Quickbrownfox's ghost (master DsCj)
 51677 | Depths:3 | Killed Quickbrownfox's ghost
 51678 | Depths:3 | Reached skill level 5 in Stealth
 52039 | Depths:4 | Entered Level 4 of the Depths
 52039 | Depths:4 | Noticed a golden dragon
 52050 | Depths:3 | Killed a golden dragon
 52859 | Depths:4 | Found a gate to the Realm of Zot.
 52859 | Depths:4 | Noticed a bone dragon
 52859 | Depths:4 | Noticed a bone dragon
 52861 | Depths:4 | HP: 6/123 [yellow draconian/glob of acid (5)]
 53373 | Depths:4 | Found a one-way gateway to a ziggurat.
 53382 | Depths:4 | Identified the ring of Kirir {rPois Int+5}
 53537 | Depths:4 | Noticed a juggernaut
 53548 | Depths:4 | Killed a juggernaut
 53913 | Depths:4 | Killed a bone dragon
 53914 | Depths:4 | Reached skill level 5 in Transmutations
 53922 | Depths:4 | Killed a bone dragon
 53926 | Depths:4 | Killed from afar by a purple draconian shifter

Illustrated notes

Levels and vault maps discovered:
D:1:      co_arrival_random_square_maze, layout_rooms,
          dreamdust_mushroom_princess, minmay_door_square
D:2:      minmay_evil_eye, layout_basic, kennysheep_generic_room_15,
          uniq_natasha
D:3:      layout_basic, mainiacjoe_overflow_alcove_4
D:4:      layout_rooms, tgw_xom, uniq_pargi
D:5:      layout_cave_pools, mainiacjoe_overflow_24_doors,
          gammafunk_temple_of_torment, mainiacjoe_overflow_brackets,
          minmay_temple_entry_offerings
D:6:      layout_cave_pools, minmay_chambers_of_fives
D:7:      minmay_razor_zed, layout_cave_pods, serial_shops,
          nicolae_shop_drivethru, hangedman_decor_lopped,
          chequers_serial_rivers_small_3, nicolae_specific_store,
          nicolae_concentric_dashed_squares_mild, kennysheep_generic_room_5,
          uniq_pikel
D:8:      layout_basic, uniq_joseph
D:9:      layout_loops_corners
D:10:     layout_roguey, serial_curves, eino_curves_03, eino_curves_03,
          kennysheep_generic_room_4
D:11:     layout_small_grid, erik_lair_island
D:12:     layout_roguey, erik_orc_1, hangedman_abyss_or_decor_slice,
          kennysheep_another_room, uniq_azrael
D:13:     layout_cave_pods, tgw_fedhas
D:14:     layout_basic, david_vaults_4, nicolae_water_bricks, special_room
          [special_room_orc], chequers_hall_statues_wall_a,
          kennysheep_generic_room_6
D:15:     gammafunk_depths_entry_grave, layout_rooms, nicolae_two_hexagons,
          gammafunk_ghost_mausoleum, chequers_serial_rivers_small_a
Temple:   lightli_temple_of_artemis
Lair:1:   beast_lair_carwin_large_3, layout_misc_corridors,
          portal_ice_cave_entry_ice_simulacra, nzn_ghost_randoct,
          chequers_serial_rivers_micro_c
Lair:2:   layout_roguey, nicolae_swamp_entry_splash_gauntlet,
          dummy_spider_entry, serial_rivers, chequers_serial_rivers_large_b,
          chequers_serial_rivers_micro_a, chequers_serial_rivers_micro_c,
          chequers_serial_rivers_micro_c, roderic_batcave,
          small_statue_intersection, lemuel_fruit_fields
Lair:3:   layout_loops_ring, grunt_megastairs_4, uniq_snorg
Lair:4:   layout_regular_city, serial_bayou_crossing
Lair:5:   hellmonk_lair_end_abyssal_woods, layout_regular_city, slime_entry_1
Swamp:1:  layout_basic_swamp, nicolae_swamp_little_swirl
Swamp:2:  cheibrodos_swamp_mausoleum, layout_basic_swamp,
          evilmike_swamp_ruin_house_1, swamp_pool4, nicolae_swamp_spooky_pond
Swamp:3:  gammafunk_mikee_crab_dinner, layout_basic_swamp,
          evilmike_swamp_ruin_rubble_2, swamp_pool5
Swamp:4:  swamp, layout_basic_swamp, uniq_donald, uniq_nikola
Spider:1: layout_spider_delve
Orc:1:    layout_diamond_mine, serial_shops, nicolae_shop_back_alley_shop,
          uniq_jorgrun, uniq_josephine, uniq_gastronok, uniq_maurice
Orc:2:    st_orc_open, layout_caves, gammafunk_ghost_cemetery, serial_shops,
          freezing_bzr, nooodl_orcs_dogs
Depths:1: layout_cave_shapes, hell_entry, abyss_entry, nicolae_lava_and_water,
          nicolae_dithmenos_through_a_glass_darkly
Depths:2: minmay_the_grid_net [minmay_the_grid_x,
          minmay_the_grid_aliased_spiral, minmay_the_grid_pillar_ring,
          minmay_the_grid_outer_diamond, minmay_the_grid_mess,
          minmay_the_grid_prize_big_room], layout_gridlike, pan_entry,
          pf_coc_iceberg, small_statue_intersection,
          nicolae_transmutations_shop, nicolae_uskayaw_murder_on_the_dancefloor,
          serial_bayou_shore_b, uniq_josephina
Depths:3: regret_index_dithmenos_brocken_genspenst, layout_cave_pools,
          hell_entry, abyss_entry_small_statue_room, ebering_ghost_xom,
          roderic_lattice_a
Depths:4: grunt_zot_entry_funnels, layout_cave_shapes, enter_ziggurat_b,
          serial_column_ruins, column_ruins_portal_astroid, column_ruins_hut,
          column_ruins_columns_straight, column_ruins_grid_3,
          column_ruins_columns_dead_end, column_ruins_grid_2,
          pf_hell_entry_tar_river, nrook_campfire

Skill      XL: |  1  2  3  4  5  6  7  8  9 10 11 12 13 14 15 16 17 18 19 20 |
---------------+-------------------------------------------------------------+-----
Fighting       | 1 2 4 5 8 10 11 12 | 12.9
Earth Magic    | 4 5 6 7 8 9 10 11 12 14 15 16 17 | 17.8
Evocations     | 1 3 4 6 |  6.5
Spellcasting   | 3 4 5 6 7 8 9 10 11 12 13 14 | 14.5
Conjurations   | 1 3 5 6 7 8 9 10 11 12 13 14 15 16 | 16.3
Invocations    | 3 5 6 7 8 10 11 12 13 14 16 17 | 17.1
Armour         | 3 5 6 8 |  8.3
Maces & Flails | 3 7 8 9 |  9.0
Dodging        | 4 |  4.0
Shields        | 1 5 7 8 |  8.4
Fire Magic     | 1 4 |  4.8
Translocations | 3 |  3.0
Transmutations | 2 5 |  5.1
Stealth        | 3 7 |  7.7

Action                     |  1- 3 |  4- 6 |  7- 9 | 10-12 | 13-15 | 16-18 | 19-21 || total
---------------------------+-------+-------+-------+-------+-------+-------+-------++-------
  Melee: Spear             |     2 |       |       |       |       |       |       ||     2
         Staff             |       |       |     3 |   106 |       |       |       ||   109
         Punch             |       |       |       |     3 |       |       |       ||     3
         Flail             |       |       |       |     6 |    35 |       |       ||    41
         Morningstar       |       |       |       |       |  1190 |   603 |   205 ||  1998
   Cast: Sandblast         |    31 |    65 |    69 |   309 |   146 |     8 |       ||   628
         Stone Arrow       |       |     2 |    41 |    87 |   204 |    32 |    15 ||   381
         Iron Shot         |       |       |       |       |    46 |   360 |   191 ||   597
         Passwall          |       |       |       |       |     1 |     1 |     1 ||     3
         Fireball          |       |       |       |       |    12 |   123 |    43 ||   178
         Blink             |       |       |       |       |       |     4 |     2 ||     6
         Irradiate         |       |       |       |       |       |       |    12 ||    12
         Lehudib's Crystal |       |       |       |       |       |       |    49 ||    49
 Invoke: Slouch            |       |       |       |     3 |     4 |     5 |     9 ||    21
  Evoke: Wand              |       |       |       |     1 |     4 |     5 |     9 ||    19
    Use: Scroll            |       |     6 |     7 |    14 |    10 |    18 |     5 ||    60
         Potion            |       |     1 |     1 |     5 |     5 |     3 |     5 ||    20
   Stab: Paralysed         |       |       |       |       |     3 |       |       ||     3
         Sleeping          |       |       |       |       |    10 |     5 |     1 ||    16
         Invisible         |       |       |       |       |     3 |       |       ||     3
         Distracted        |       |       |       |       |     2 |     2 |       ||     4
 Armour: Robe              |       |     4 |    19 |     3 |       |       |   110 ||   136
         Troll leather arm |       |       |       |   136 |   393 |   361 |   100 ||   990
  Dodge: Dodged            |     4 |     3 |    66 |   412 |  1062 |   640 |   299 ||  2486
  Block: Other             |       |       |       |    86 |       |       |       ||    86
         Reflection        |       |       |       |    20 |    11 |    22 |     7 ||    60
         Kite shield       |       |       |       |   126 |  1959 |  1146 |   312 ||  3543
